 Dungeon Crawl Stone Soup version 0.19-a0-811-gf4045fb (webtiles) character file.

23 Stormbringer the Insei (level 2, -5/24 HPs)
             Began as a Mummy Monk on June 28, 2016.
             Slain by Terence
             ... wielding a +0 flail
              (9 damage)
             ... on level 1 of the Dungeon.
             The game lasted 00:02:18 (1936 turns).

Stormbringer the Insei (Mummy Monk)                 Turns: 1936, Time: 00:02:18

Health: -5/24      AC:  1    Str: 11    XL:     2   Next: 72%
Magic:  2/2        EV: 13    Int:  9    God:
Gold:   62         SH:  0    Dex: 14    Spells: 0 memorised, 1 level left

rFire  x . .     SeeInvis .       - Unarmed
rCold  + . .     Gourm    +     (no armour)
rNeg   + + +     Faith    .     (no shield)
rPois  ∞         Spirit   .     (no helmet)
rElec  .         Dismiss  .     e - +0 cloak
rCorr  .         Reflect  .     (no gloves)
SustAt .         Harm     .     (no boots)
MR     .....                    d - amulet of the gourmand
Stlth  ++........               b - -3 ring of strength (curse)
                                (no ring)

@: not resistant to hostile enchantments, unstealthy
A: no food or potions, fire vulnerability, cold resistance 1, negative energy
resistance 3, torment resistance, unbreathing
a: no special abilities


You were on level 1 of the Dungeon.
You were not hungry.

You visited 1 branch of the dungeon, and saw 2 of its levels.

You collected 62 gold pieces.


Innate Abilities, Weirdness & Mutations

You do not eat or drink.
Your flesh is vulnerable to fire.
You are immune to poison.
Your flesh is cold resistant. (rC+)
You are immune to negative energy. (rN+++)
You are immune to unholy pain and torment.
You can survive without breathing.


   Skills:
 - Level 3.0 Fighting
 - Level 2.4 Dodging
 - Level 1.5 Stealth
 + Level 3.3 Unarmed Combat


You had one spell level left.
You didn't know any spells.

Inventory:

Missiles
 i - 41 sling bullets (quivered)
Armour
 e - a +0 cloak (worn)
Jewellery
 b - a cursed -3 ring of strength (right hand)
 d - an amulet of the gourmand (around neck)
Scrolls
 a - 2 scrolls of amnesia {unknown}
 c - 2 scrolls of identify {unknown}
 f - a scroll of immolation {unknown}
 g - a scroll of magic mapping {unknown}
 h - a scroll of noise {unknown}
 j - a scroll of fear {unknown}

Dungeon Overview and Level Annotations

Branches:
Dungeon (2/15)

Altars:

Annotations:
D:1 Terence
D:2 Ijyb, Robin

▒▒▒ ▒.▒ ▒.▒ ▒.▒ ▒▒▒▒▒▒▒
▒▒▒▒▒▒▒▒▒.▒ ▒.....▒
..........▒ ▒.▒▒▒.▒
▒▒▒▒▒▒▒▒▒)▒ ▒.▒ ▒.▒ .▒
▒▒▒▒▒▒.▒▒▒▒▒▒g▒ ▒.▒▒▒▒▒
.♣♣♣...........@M▒ ▒.....▒
.....▒▒▒▒.▒▒▒▒▒▒▒▒ ▒▒▒▒▒.▒
[♣♣♣▒▒ ▒.▒
▒▒▒▒▒▒▒▒.▒▒▒▒▒▒▒▒ .▒ ▒.▒
▒...............▒ .▒ ▒.▒
▒.▒▒▒▒▒▒.▒▒▒▒▒▒.▒ .▒▒
▒▒.▒▒▒▒▒▒▒.▒ ▒.▒....▒.▒
..▒ ▒........▒.▒
▒.▒.▒▒.▒.▒ ..▒
▒........▒.▒▒▒▒▒▒.▒.▒▒(▒.▒
..▒
▒........▒.▒▒..P..▒.▒▒.▒.▒


You could see Terence and a goblin.


Message History

A hobgoblin comes into view!
Found 20 sling bullets and a scroll labeled LIVEPO HELUY!
There is a stone staircase leading up here!
A hobgoblin is nearby!!!
You start resting!
There is a stone staircase leading up here! 5 goblins, 5 hobgoblins and Robin come into view!
The goblin shouts!!! x3; Robin shouts!!!
Robin throws the goblin at you!!!
The hobgoblin moves out of view!
The goblin barely misses you!
You hear an angry hiss!
Found a scroll labeled ZIRO JONEPIF!
The hobgoblin shouts!!! x2
You beat the hobgoblin into a bloody pulp!
The hobgoblin is severely wounded!
The goblin hits you with a dagger! The hobgoblin hits you!
An adder, 3 goblins and 5 hobgoblins come into view!
There is a stone staircase leading up here!
You climb upwards!
Level annotation: Terence Terence completely misses you!
There is a stone staircase leading down here!
You barely miss the goblin!
Terence hits you with a flail!!! * * * don't die
* * * The goblin hits you! * * * don't die
* * * You closely miss the goblin!
The goblin hits you! * * * don't die
* * * Terence hits you with a flail!!! rip

Action                   || total
-------------------------++-------
Melee: Unarmed           ||   108
       Punch             ||     1
 Stab: Sleeping          ||     1
Armor: Skin              ||     8
Dodge: Dodged            ||    77

Vault maps used:
D:1:      dpeg_arrival_shelter, serial_forest, infiniplex_forest_lined_room_3,
          infiniplex_forest_straight_1, infiniplex_forest_clump_long,
          infiniplex_forest_clump_long, infiniplex_forest_lined_room_2,
          infiniplex_forest_lined_room_2
D:2:      uniq_robin, uniq_jessica, uniq_iyjb, uniq_terence

Notes
Turn   | Place    | Note
--------------------------------------------------------------
     0 | D:1      | Stormbringer the Mummy Monk began the quest for the Orb.
     0 | D:1      | Reached XP level 1. HP: 18/18 MP: 1/1
   232 | D:1      | Reached XP level 2. HP: 14/24 MP: 2/2
   561 | D:1      | Reached skill level 3 in Unarmed Combat
  1439 | D:2      | Noticed Terence
  1750 | D:2      | Noticed Ijyb
  1928 | D:2      | Noticed Robin
  1936 | D:1      | Slain by Terence

Vanquished Creatures
  A giant gecko (D:1)
  3 bats (D:1)
  2 giant cockroaches (D:2)
  4 goblins (D:1)
  2 hobgoblins (D:1)
  3 kobolds (D:1)
  A ball python (D:1)
  2 giant newts (D:1)
  3 rats (D:1)
21 creatures vanquished.
